 Dungeon Crawl Stone Soup version 0.23.2-40-g277498a001 (webtiles) character file.

Game seed: 704785416760688504

688191 Hylith the Hoplite (level 27, -1/178 HPs)
             Began as a Gnoll Fighter on Sept 6, 2019.
             Was the Champion of Okawaru.
             Killed from afar by a starcursed mass (16 damage)
             ... with an accursed screaming
             ... on level 2 of the Abyss on Sept 7, 2019.
             The game lasted 05:42:24 (71544 turns).

Hylith the Hoplite (Gnoll Fighter)                 Turns: 71544, Time: 05:42:25

Health: -1/178     AC: 41    Str: 25      XL:     27
Magic:  28/36      EV: 16    Int: 11      God:    Okawaru [******]
Gold:   7017       SH: 19    Dex: 17 (18) Spells: 15/63 levels left

rFire    + + +     SeeInvis .   d - +9 eveningstar (holy)
rCold    + + +     Gourm    .   K - +0 shield {rF+}
rNeg     + + .     Faith    +   m - +9 scales of the Dragon King {rPois rF+ rC+ MR+}
rPois    +         Spirit   .   H - +2 helmet of the Monkey's Uncle {rElec rPois Dex+2}
rElec    +         Reflect  .   P - +0 cloak of Devotion {*Drain rC+ Regen+}
rCorr    +         Harm     .   S - +0 pair of gloves {archery}
MR       ++++.     Rnd*Tele +   C - +0 pair of boots of the Fiddle {rC+ MR+ rCorr}
Stlth    ..........             D - amulet of faith
HPRegen  1.79/turn              i - ring "Winyzeokk" {rPois rN+}
MPRegen  0.25/turn              v - ring "Ecuilum" {rF+ rN+ Int+3}

@: very slightly contaminated, regenerating
A: distributed training, fangs 1, blurry vision 1, deterioration 2, dopey 1[+1],
[frail 2], [low mp 2], screaming 2, teleportitis 1, [weak 2], no potion heal 1,
[subdued magic 2], strong nose
}: 3/15 runes: barnacled, silver, gossamer
a: Heroism, Finesse, Renounce Religion


You were on level 2 of the Abyss.
You worshipped Okawaru.
Okawaru was exalted by your worship.
You were not hungry.

You visited 11 branches of the dungeon, and saw 49 of its levels.
You visited the Abyss 2 times.
You visited 1 bazaar.
You also visited: Trove, Sewer, Gauntlet, Ice Cave and Volcano.

You collected 9495 gold pieces.
You spent 2478 gold pieces at shops.

Inventory:

Hand Weapons
 d - a +9 eveningstar of holy wrath (weapon)
 l - the +11 war axe "Nagaumm" {freeze, MR+ Int+4 Dex+7 Stlth+}
   (Okawaru gifted it to you on level 2 of the Orcish Mines)

   It has been specially enchanted to freeze those struck by it, causing extra
   injury to most foes and up to half again as much damage against particularly
   susceptible opponents.
   It can also slow down cold-blooded creatures.
   It affects your intelligence (+4).
   It affects your dexterity (+7).
   It affects your resistance to hostile enchantments.
   It makes you more stealthy.
 X - a +9 broad axe of freezing
Missiles
 E - 11 throwing nets
 T - 15 javelins of returning (quivered)
 V - 15 javelins of penetration
Armour
 m - the +9 scales of the Dragon King (worn) {rPois rF+ rC+ MR+}
   (You found it on level 5 of the Vaults)

   It protects you from fire.
   It protects you from cold.
   It protects you from poison.
   It affects your resistance to hostile enchantments.
 C - the +0 pair of boots of the Fiddle (worn) {rC+ MR+ rCorr}
   (You found it in a Gauntlet)

   It protects you from cold.
   It affects your resistance to hostile enchantments.
   It provides partial protection from all sources of acid and corrosion.
 H - the +2 helmet of the Monkey's Uncle (worn) {rElec rPois Dex+2}
   (Okawaru gifted it to you on level 15 of the Dungeon)

   It affects your dexterity (+2).
   It insulates you from electricity.
   It protects you from poison.
 K - a +0 shield of fire resistance (worn)
 P - the +0 cloak of Devotion (worn) {*Drain rC+ Regen+}
   (You found it on level 2 of the Lair of Beasts)

   It protects you from cold.
   It increases your rate of regeneration.
   It causes draining when unequipped.
 S - a +0 pair of gloves of archery (worn)
Jewellery
 i - the ring "Winyzeokk" (left hand) {rPois rN+}
   (You found it in a treasure trove)

   [ring of poison resistance]

   It protects you from poison.
   It protects you from negative energy.
 j - the ring "Xoaticimu" {+Blink rPois rC+ rN++ Int-4}
   (You took it off an orc knight on level 5 of the Vaults)

   [ring of protection from cold]

   It affects your intelligence (-4).
   It protects you from cold.
   It protects you from poison.
   It greatly protects you from negative energy.
   It lets you blink.
 v - the ring "Ecuilum" (right hand) {rF+ rN+ Int+3}
   (You found it on level 3 of the Crypt)

   [ring of positive energy]

   It affects your intelligence (+3).
   It protects you from fire.
   It protects you from negative energy.
 w - the amulet "Mejemu Xijyi" {rC+ Regen+}
   (You found it on level 3 of the Crypt)

   [amulet of regeneration]

   It protects you from cold.
   It increases your rate of regeneration.
 x - the ring of Zybo {*Slow rN++ MR+ Str+7}
   (You found it in a treasure trove)

   [ring of protection from magic]

   It affects your strength (+7).
   It greatly protects you from negative energy.
   It affects your resistance to hostile enchantments.
   It may slow you when you take damage.
 D - an amulet of faith (around neck)
 R - an uncursed ring of protection from magic
Wands
 F - a wand of acid (41)
 I - a wand of disintegration (37)
 Q - a wand of paralysis (51)
 Z - a wand of iceblast (34)
Scrolls
 e - 13 scrolls of magic mapping
 g - 13 scrolls of enchant armour
 o - a scroll of identify
 p - 4 scrolls of summoning
 q - 18 scrolls of fog
 r - 4 scrolls of blinking
 u - 8 scrolls of fear
 A - 6 scrolls of enchant weapon
 W - 3 scrolls of holy word
Potions
 a - 21 potions of brilliance
 c - 3 potions of invisibility
 h - 4 potions of cancellation
 k - 22 potions of curing
 n - 4 potions of resistance
 s - 5 potions of heal wounds
 t - 6 potions of agility
 z - 10 potions of magic
 B - 7 potions of haste
 G - 7 potions of might
 J - 10 potions of ambrosia
 M - 4 potions of berserk rage
 O - 5 potions of mutation
Miscellaneous
 b - a lamp of fire
 y - 3 phantom mirrors
 L - 3 boxes of beasts
 N - a phial of floods
 Y - a lightning rod (4/4)
Comestibles
 f - 89 rations


   Skills:
 + Level 19.7 Fighting
 + Level 18.9 Short Blades
 + Level 18.9 Long Blades
 + Level 19.3 Axes
 + Level 18.9 Maces & Flails
 + Level 18.9 Polearms
 + Level 18.9 Staves
 + Level 18.9 Slings
 + Level 18.9 Bows
 + Level 18.9 Crossbows
 + Level 18.9 Throwing
 + Level 19.7 Armour
 + Level 18.9 Dodging
 + Level 18.9 Stealth
 + Level 25.0 Shields
 + Level 18.9 Unarmed Combat
 + Level 18.9 Spellcasting
 + Level 16.3 Conjurations
 + Level 16.3 Hexes
 + Level 16.3 Charms
 + Level 16.3 Summonings
 + Level 16.3 Necromancy
 + Level 16.3 Translocations
 + Level 16.3 Transmutations
 + Level 16.3 Fire Magic
 + Level 16.3 Ice Magic
 + Level 16.3 Air Magic
 + Level 16.3 Earth Magic
 + Level 16.3 Poison Magic
 + Level 20.3 Invocations
 + Level 18.9 Evocations


You had 15 spell levels left.
You knew the following spells:

 Your Spells              Type           Power        Failure   Level  Hunger
a - Animate Skeleton      Necr           N/A          1%          1    None
b - Blink                 Tloc           N/A          1%          2    None
c - Mephitic Cloud        Conj/Pois/Air  ####....     1%          3    None
d - Lee's Rapid Deconstr  Erth           ####......   1%          5    ####...
e - Teleport Other        Tloc           ####....     1%          3    None
f - Borgnjor's Vile Clut  Necr/Erth      ####......   1%          5    ####...
i - Iron Shot             Conj/Erth      ####......   10%         6    ######.
l - Summon Lightning Spi  Summ/Air       ####....     1%          4    ##.....
m - Deflect Missiles      Chrm/Air       ####......   10%         6    ######.
r - Regeneration          Chrm/Necr      ####......   1%          3    None
s - Silence               Hex/Air        ####......   1%          5    ####...
t - Olgreb's Toxic Radia  Pois           ####....     1%          4    ##.....
A - Apportation           Tloc           ####..       1%          1    None

Your spell library contained the following spells:

 Spells                   Type           Power        Failure   Level  Hunger
 Beastly Appendage        Tmut           ####..       1%          1    None
 Corona                   Hex            ####...      1%          1    None
 Flame Tongue             Conj/Fire      ####.        1%          1    None
 Infusion                 Chrm           ####         1%          1    None
 Magic Dart               Conj           ####         1%          1    None
 Pain                     Necr           ####         1%          1    None
 Sandblast                Erth           ####..       1%          1    None
 Sting                    Conj/Pois      ####         1%          1    None
 Summon Butterflies       Summ           ####....     1%          1    None
 Summon Small Mammal      Summ           ####         1%          1    None
 Call Imp                 Summ           ####....     1%          2    None
 Corpse Rot               Necr           N/A          1%          2    None
 Ensorcelled Hibernation  Hex/Ice        ####..       1%          2    None
 Passwall                 Tmut/Erth      ####....     1%          2    None
 Poisonous Vapours        Pois/Air       ####..       1%          2    None
 Shroud of Golubria       Chrm/Tloc      ####......   1%          2    None
 Slow                     Hex            ####....     1%          2    None
 Sticks to Snakes         Tmut           ####....     1%          2    None
 Sublimation of Blood     Necr           ####......   1%          2    None
 Throw Flame              Conj/Fire      ####..       1%          2    None
 Call Canine Familiar     Summ           ####....     1%          3    None
 Conjure Flame            Conj/Fire      ####....     1%          3    None
 Dazzling Spray           Conj/Hex       ####..       1%          3    None
 Gell's Gravitas          Tloc           ####......   1%          3    None
 Inner Flame              Hex/Fire       ####....     1%          3    None
 Lesser Beckoning         Tloc           ####......   1%          3    None
 Portal Projectile        Hex/Tloc       ####..       1%          3    None
 Recall                   Summ/Tloc      N/A          1%          3    None
 Spider Form              Tmut/Pois      ####......   1%          3    None
 Static Discharge         Conj/Air       ####....     1%          3    None
 Stone Arrow              Conj/Erth      ####..       1%          3    None
 Summon Guardian Golem    Hex/Summ       ####....     1%          3    None
 Vampiric Draining        Necr           ####......   1%          3    None
 Animate Dead             Necr           N/A          1%          4    ##.....
 Cause Fear               Hex            ####......   1%          4    ##.....
 Force Lance              Conj/Tloc      ####....     1%          4    ##.....
 Ice Form                 Ice/Tmut       ####....     1%          4    ##.....
 Leda's Liquefaction      Hex/Erth       ####......   1%          4    ##.....
 Passage of Golubria      Tloc           N/A          1%          4    ##.....
 Petrify                  Tmut/Erth      ####....     1%          4    ##.....
 Sticky Flame             Conj/Fire      ####....     1%          4    ##.....
 Summon Ice Beast         Ice/Summ       ####....     1%          4    ##.....
 Throw Icicle             Conj/Ice       ####....     1%          4    ##.....
 Agony                    Necr           ####....     1%          5    ####...
 Alistair's Intoxication  Tmut/Pois      ####....     1%          5    ####...
 Aura of Abjuration       Summ           ####......   1%          5    ####...
 Blade Hands              Tmut           ####......   1%          5    ####...
 Bolt of Draining         Conj/Necr      ####......   1%          5    ####...
 Bolt of Magma            Conj/Fire/Erth ####......   1%          5    ####...
 Dispel Undead            Necr           ####....     1%          5    ####...
 Excruciating Wounds      Chrm/Necr      ####......   1%          5    ####...
 Fireball                 Conj/Fire      ####......   1%          5    ####...
 Irradiate                Conj/Tmut      ####......   1%          5    ####...
 Lightning Bolt           Conj/Air       ####......   1%          5    ####...
 Metabolic Englaciation   Hex/Ice        ####......   1%          5    ####...
 Summon Demon             Summ           ####......   1%          5    ####...
 Summon Forest            Summ/Tloc      ####......   1%          5    ####...
 Summon Mana Viper        Hex/Summ       ####....     1%          5    ####...
 Venom Bolt               Conj/Pois      ####......   1%          5    ####...
 Yara's Violent Unravell  Hex/Tmut       ####......   1%          5    ####...
 Bolt of Cold             Conj/Ice       ####......   10%         6    ######.
 Conjure Ball Lightning   Conj/Air       ####......   10%         6    ######.
 Death Channel            Necr           ####......   10%         6    ######.
 Dispersal                Tloc           ####......   10%         6    ######.
 Freezing Cloud           Conj/Ice/Air   ####......   10%         6    ######.
 Hydra Form               Tmut           ####......   10%         6    ######.
 Ozocubu's Refrigeration  Ice            ####......   10%         6    ######.
 Shadow Creatures         Summ           N/A          10%         6    ######.
 Simulacrum               Ice/Necr       ####......   10%         6    ######.
 Statue Form              Tmut/Erth      ####.....    10%         6    ######.
 Dragon Form              Tmut           ####......   54%         7    #######
 Malign Gateway           Summ/Tloc      ####......   54%         7    #######
 Ring of Flames           Chrm/Fire      ####......   54%         7    #######
 Summon Hydra             Summ           ####......   54%         7    #######
 Controlled Blink         Tloc           N/A          99%         8    #######
 Discord                  Hex            ####......   99%         8    #######
 Disjunction              Tloc           ####......   99%         8    #######
 Ignition                 Fire           ####......   99%         8    #######
 Infestation              Necr           ####......   99%         8    #######
 Shatter                  Erth           ####......   100%        9    #######
 Tornado                  Air            ####......   100%        9    #######


Dungeon Overview and Level Annotations

Branches:
Dungeon (15/15)            Temple (1/1) D:5            Lair (6/6) D:9
 Shoals (4/4) Lair:4       Spider (4/4) Lair:4        Slime (0/5) Lair:6
    Orc (2/2) D:12            Elf (3/3) Orc:2        Vaults (5/5) D:13
  Crypt (3/3) Vaults:3       Tomb (0/3) Crypt:3      Depths (5/5) D:15
   Hell (1/1)                 Dis (0/7) Hell            Geh (0/7) Hell
    Coc (0/7) Hell            Tar (0/7) Hell            Zot (0/5) Depths:5

Altars:
Ashenzari
Cheibriados
Dithmenos
Elyvilon
Fedhas
Gozag
Hepliaklqana
Kikubaaqudgha
Makhleb
Nemelex Xobeh
Okawaru
Qazlal
Ru
Sif Muna
Trog
Uskayaw
Vehumet
Wu Jian
Xom
Yredelemnul
Zin
The Shining One
Jiyva

Shops:
D:10 ?   Orc:1 %   Orc:2 :(=%   Elf:1 *[*   Elf:2 (   Shoals:1 *   Shoals:3 *
Depths:1 (

Portals:
Hell: Depths:1 Depths:2 Depths:3 Depths:4 Depths:5
Abyss: Depths:4
Pandemonium: Depths:3
Ziggurat: Depths:5


Innate Abilities, Weirdness & Mutations

Your experience applies equally to all skills.
You have very sharp teeth.
Your uncanny sense of smell can sniff out nearby items.
Scrolls take you a little longer to read.
Your body often deteriorates upon taking damage.
You sometimes yell uncontrollably at your foes.
You are occasionally teleported next to monsters.
Potions are less effective at restoring your health.
[You are very dopey. (Int -4)]
[You are very frail. (-20% HP)]
[Your magical capacity is very low. (-20% MP)]
[You are very weak. (Str -4)]
[Your spells are easier to cast, but less powerful.]


Message History

The wretched star pulses with an eldritch light!
You feel frail. x2
Your lightning spire shoots out a bolt of lightning at the wretched star!
The bolt of electricity hits the wretched star.
The wretched star resists.
You hit the wretched star but do no damage.
The wretched star is moderately damaged.
Your lightning spire shoots out a bolt of lightning at the wretched star!
The bolt of electricity hits the wretched star.
The wretched star resists.
The starcursed mass engulfs you but does no damage.
You barely miss the wretched star.
The wretched star is moderately damaged.
The wretched star pulses with an eldritch light!
You feel stupid.
A starcursed mass splits.
You block the starcursed mass's attack.
You sock the wretched star!
The wretched star is heavily damaged.
A cacophony of accursed wailing tears at your sanity!
You die...

# # .≈≈≈≈≈≈≈..#
.#......≈≈≈≈≈≈.#
........≈≈≈≈≈≈≈##
.###.....##≈≈≈≈≈≈.##
..#.....##.≈≈≈≈...#
.#
#.........≈≈.....## .
#......X..≈≈......# .
#....*.XX≈..≈≈#.##
##. #.....@X.X≈≈≈♣
... .#
..##...8.XXX≈≈≈≈≈...#
.......#.##.##X..≈♣≈
##.. #..#...
###..x.≈≈≈# . .#...##
..#.≈.≈≈. . . .#.
...≈≈≈≈≈≈.# . # *.
#..≈≈≈≈≈≈. #...##...#
.. ..≈≈.≈# . #.
##.........≈


You could see 9 starcursed masses, a wretched star, a small abomination and a
friendly lightning spire.

Vanquished Creatures
  5 ancient liches
  Mara (Vaults:3)
  Sojobo (Crypt:2)
  Saint Roka (Crypt:1)
  Frederick (Crypt:2)
  Bai Suzhen (Shoals:3)
  12 caustic shrikes
  A curse toe (Crypt:3)
  Geryon (Hell)
  7 golden dragons
  the Enchantress (Depths:5)
  Nikola (Shoals:2)
  6 profane servitors
  7 bone dragons
  Rupert (Lair:4)
  9 tentacled monstrosities
  3 deep elf blademasters
  4 titans
  7 liches
  2 deep elf master archers (Elf:3)
  3 quicksilver dragons
  5 shadow dragons
  2 Executioners (Abyss:1)
  9 ancient champions (Crypt:3)
  6 sphinxes
  25 tentacled starspawn
  Agnes (D:14)
  3 revenants
  10 tengu reavers
  4 draconian monks (Depths:5)
  2 azure jellies (Lair:6)
  6 storm dragons
  Ilsuiw (Shoals:2)
  7 frost giants
  Aizul (Depths:1)
  6 fire giants
  A ghost moth (Spider:3)
  7 deep elf sorcerers
  A daeva (Abyss:1)
  An iron dragon (Vaults:5)
  5 deep elf elementalists (Elf:3)
  A balrug (Depths:4)
  2 cacodemons
  6 curse skulls
  9 emperor scorpions
  A ghost moth (shapeshifter) (Vaults:4)
  3 draconian annihilators (Depths:5)
  14 ironheart preservers
  3 angels
  14 vault wardens
  27 very ugly things
  2 ghouls (Crypt:2)
  4 caustic shrike skeletons (Crypt:3)
  5 spriggan defenders
  28 stone giants
  5 war gargoyles
  6 entropy weavers
  5 reapers
  6 vampire knights
  A juggernaut skeleton (Depths:2)
  4 green draconians
  7 deep elf demonologists
  5 black draconians (Depths:5)
  2 lorocyprocas
  3 purple draconians (Depths:5)
  2 white draconians
  9 deep elf annihilators
  6 dire elephants
  3 red draconians
  A yellow draconian (Abyss:4)
  A minotaur (Gauntlet)
  4 spark wasps
  4 eidola
  2 ettins (shapeshifter)
  3 green deaths
  10 jiangshi
  15 deep elf death magi
  12 ettins
  11 fire dragons
  3 merfolk javelineers
  A quicksilver dragon zombie (Abyss:2)
  5 blizzard demons
  7 merfolk impalers
  8 great orbs of eyes
  The ghost of Pafimos the Cleaver, a journeyman MiFi of Makhleb (Lair:1)
  12 yaktaur captains
  10 deep elf high priests
  Erolcha (D:13)
  30 vault guards
  11 rakshasas
  7 spriggan air magi
  8 ice dragons
  7 centaur warriors
  A catoblepas (shapeshifter) (Vaults:1)
  9 hydras
  5 merfolk avatars
  An anaconda (Lair:6)
  34 two-headed ogres
  A satyr (shapeshifter) (Vaults:5)
  2 two-headed ogres (shapeshifter)
  30 dancing weapons
  12 ogre magi
  6 merfolk aquamancers
  3 alligator snapping turtles (Shoals:4)
  9 deep troll shamans
  8 death yaks (Lair:5)
  6 vampire magi
  26 tengu warriors
  A hell hog (Gauntlet)
  27 thrashing horrors
  3 death knights
  A satyr (Shoals:4)
  62 small abominations
  The ghost of kalagan the Thaumaturge, a novice BaSu of Sif Muna (Lair:2)
  14 deep troll earth magi
  9 spriggan berserkers
  2 storm dragon zombies
  Urug (D:13)
  4 orc high priests (Orc:2)
  13 soul eaters
  73 starcursed masses
  20 deep elf knights
  12 sun demons
  3 spriggans
  5 sixfirhies
  8 shadow wraiths
  19 wretched stars
  4 titan skeletons (Crypt:3)
  2 iron trolls (Depths:2)
  4 death drakes
  30 skeletal warriors
  An anaconda zombie (Hell)
  5 spatial maelstroms
  10 hell knights
  2 storm dragon skeletons
  35 deep trolls
  11 sea snakes
  4 quicksilver dragon simulacra
  8 flayed ghosts
  A glowing orange brain (shapeshifter) (D:15)
  2 shadow demons
  A sea snake (shapeshifter) (Depths:4)
  An entropy weaver zombie (Crypt:3)
  3 unseen horrors
  10 glowing orange brains
  3 wizards
  16 deep elf archers
  5 lindwurms
  19 ironbrand convokers
  4 anaconda skeletons
  Pikel (D:5)
  62 deep elf magi
  20 harpies
  9 necromancers
  An obsidian statue (Depths:1)
  19 orc knights
  13 phantasmal warriors
  An iron dragon zombie (Hell)
  16 orb spiders
  2 orb spiders (shapeshifter)
  2 frost giant zombies
  69 ugly things
  7 orc sorcerers
  A shining eye (Abyss:1)
  15 manticores
  9 worldbinders
  2 salamanders (shapeshifter)
  10 cyclopes
  A cyclops (shapeshifter) (Abyss:2)
  4 moths of wrath
  24 wolf spiders
  19 elephants
  4 black mambas
  5 fauns
  2 fire giant skeletons
  An iron dragon skeleton (Crypt:3)
  2 guardian serpents (Abyss:2)
  12 rust devils
  11 merfolk sirens
  A toenail golem (Volcano)
  5 ice statues
  An eye of devastation (Abyss:2)
  4 water nymphs
  3 torpor snails
  18 vault sentinels
  3 molten gargoyles (Volcano)
  A storm dragon simulacrum (Abyss:2)
  21 smoke demons
  13 spiny frogs
  6 orange demons
  5 dire elephant skeletons
  A gargoyle (D:13)
  A rime drake (shapeshifter) (D:15)
  A hellion (Abyss:2)
  6 rime drakes
  7 efreet
  6 kobold demonologists
  7 komodo dragons
  An anaconda simulacrum (Hell)
  15 freezing wraiths
  A purple draconian zombie (Crypt:1)
  A hydra zombie (Abyss:2)
  A troll (shapeshifter) (D:15)
  A yaktaur (shapeshifter) (Depths:3)
  2 catoblepas skeletons (Crypt:3)
  12 ice devils
  5 guardian mummies (Crypt:3)
  48 yaktaurs
  9 hellwings
  9 trolls
  13 demonic crawlers
  A meliai (D:13)
  29 jumping spiders
  A polar bear (shapeshifter) (Vaults:5)
  8 red devils
  12 tengu conjurers
  24 ancient zymes
  33 merfolk
  5 hornets
  A polar bear (Lair:4)
  A tyrant leech (shapeshifter) (Depths:3)
  32 slime creatures
  A bog body (Crypt:2)
  4 hydra skeletons
  12 wind drakes
  Prince Ribbit (D:5)
  A snapping turtle (shapeshifter) (Depths:5)
  24 blink frogs
  Grinder (D:6)
  12 hippogriffs
  A hippogriff (shapeshifter) (Abyss:1)
  An alligator zombie (Hell)
  A human simulacrum (Vaults:3)
  A guardian serpent zombie (Crypt:3)
  A raiju (shapeshifter) (Abyss:1)
  34 raiju
  7 snapping turtles
  A meliai zombie (D:13)
  A frost giant simulacrum (Vaults:3)
  A fire dragon zombie (Hell)
  3 dream sheep (shapeshifter)
  7 dream sheep
  An ettin zombie (Crypt:1)
  59 redbacks
  22 flying skulls
  2 alligator skeletons
  2 black mamba skeletons
  18 tarantellas
  Sigmund (D:3)
  6 shadows
  A shapeshifter (Vaults:4)
  13 ynoxinuls
  A guardian serpent skeleton (Crypt:2)
  An ettin skeleton (Hell)
  A fire dragon skeleton (Crypt:1)
  19 water elementals
  14 wraiths
  Grum (D:9)
  6 air elementals
  3 ice dragon skeletons (Crypt:3)
  19 fire elementals
  A human (shapeshifter) (Vaults:5)
  12 fire bats
  3 wyverns
  A steam dragon (D:8)
  3 hogs (D:8)
  A basilisk (shapeshifter) (Depths:1)
  47 yaks
  9 hungry ghosts
  5 basilisks
  10 chaos spawn
  7 neqoxecs
  8 wargs
  17 humans
  6 insubstantial wisps
  51 large abominations
  An infernal demonspawn zombie (Crypt:1)
  Menkaure (D:4)
  9 spatial vortices
  A soldier ant (D:14)
  A soldier ant (shapeshifter) (Depths:3)
  3 acid dragons
  An acid dragon (shapeshifter) (Abyss:2)
  3 hydra simulacra
  19 hell hounds
  A spiny frog zombie (Hell)
  18 water moccasins
  4 porcupines
  Duvessa (D:4)
  6 swamp drakes
  A manticore zombie (Crypt:2)
  26 orc warriors
  A spiny frog skeleton (Hell)
  4 ice beasts
  A phantom (D:8)
  4 ettin simulacra (Depths:4)
  An eye of draining (Abyss:2)
  An ice beast (shapeshifter) (Depths:1)
  A slave (D:5)
  A lindwurm zombie (Crypt:1)
  An elephant zombie (Crypt:2)
  3 necrophages
  A swamp dragon zombie (Crypt:2)
  A black bear (shapeshifter) (Vaults:3)
  An alligator simulacrum (Hell)
  6 sky beasts
  6 black bears
  32 ogres
  A dream sheep skeleton (Crypt:2)
  14 boggarts
  29 wolves
  19 centaurs
  A snapping turtle skeleton (Crypt:3)
  16 crocodiles
  A swamp dragon skeleton (Crypt:3)
  A crocodile (shapeshifter) (Vaults:5)
  2 manticore skeletons
  3 big kobolds
  A bullfrog (shapeshifter) (Vaults:5)
  12 bullfrogs
  A draconian skeleton (Crypt:2)
  6 earth elementals
  2 wyvern zombies
  A spiny frog simulacrum (Hell)
  Dowan (D:4)
  A deep troll simulacrum (Vaults:3)
  2 wyvern skeletons
  A hornet simulacrum (D:14)
  A troll zombie (Hell)
  20 killer bees
  A scorpion (D:13)
  28 wights
  A shapeshifter zombie (Crypt:1)
  A vampire bat (D:9)
  5 howler monkeys
  6 electric eels
  20 crimson imps
  2 draconian simulacra (IceCv)
  3 bullfrog zombies
  11 hounds
  12 quasits
  5 centaur zombies
  9 jellies
  A bullfrog skeleton (D:5)
  13 orc priests
  19 orc wizards
  7 centaur skeletons
  11 iron imps
  Ijyb (D:3)
  Natasha (twice) (D:3)
  8 iguanas
  A troll simulacrum (IceCv)
  10 hell rats
  A spriggan simulacrum (IceCv)
  11 worker ants
  2 centaur simulacra (IceCv)
  2 hound skeletons
  7 mummies (Crypt:3)
  Robin (D:4)
  4 gnolls
  2 howler monkey skeletons
  A naga simulacrum (IceCv)
  3 ogre simulacra (IceCv)
  13 adders
  6 shadow imps
  10 white imps
  9 ufetubi
  5 oozes
  An adder skeleton (D:8)
  2 worms (Sewer)
  A dart slug (D:3)
  6 leopard geckos
  86 orcs
  7 ball pythons
  3 bat skeletons (D:9)
  3 bat zombies (D:9)
  8 giant cockroaches
  27 goblins
  21 hobgoblins
  10 jackals
  17 kobolds
  2 quokkas
  16 bats
  9 frilled lizards
  A gnoll zombie (Crypt:3)
  A hobgoblin skeleton (Crypt:3)
  A kobold zombie (Crypt:2)
  A leopard gecko skeleton (D:5)
  2 leopard gecko zombies (D:5)
  9 rats
  A rat skeleton (Crypt:3)
  2 crawling corpses
  3 fire vortices (Volcano)
  4 fungi
  18 plants
  29 starspawn tentacles
3194 creatures vanquished.

Vanquished Creatures (collateral kills)
  A golden dragon (Vaults:5)
  2 draconian monks (Depths:5)
  A frost giant (Vaults:4)
  A draconian scorcher (Depths:5)
  A vault warden (Vaults:4)
  A stone giant (Depths:2)
  5 very ugly things
  A dire elephant (Lair:6)
  2 yaktaur captains
  2 fire dragons
  A vault guard (Vaults:4)
  A centaur warrior (Vaults:4)
  A two-headed ogre (Vaults:4)
  A deep troll earth mage (Depths:5)
  A death yak (Lair:5)
  A vampire mage (Depths:2)
  An iron troll (Depths:2)
  A glowing orange brain (Depths:2)
  A shadow wraith (Vaults:4)
  A wolf spider (Spider:4)
  A deep elf archer (Vaults:3)
  A lindwurm (Depths:5)
  3 ugly things
  An orc sorcerer (Vaults:5)
  A water nymph (Shoals:4)
  A rust devil (Depths:1)
  A vault sentinel (Vaults:5)
  A small abomination (Elf:3)
  4 yaktaurs
  A freezing wraith (Vaults:4)
  A tengu conjurer (Depths:4)
  2 hornets (Depths:2)
  A wind drake (Depths:5)
  2 blink frogs (Lair:5)
  2 spriggans (Depths:2)
  A yak (Lair:5)
  4 neqoxecs
  A porcupine (Lair:5)
  A crimson imp (Depths:1)
  An iron imp (Depths:1)
  An orc wizard (Vaults:1)
  An orc (Vaults:5)
60 creatures vanquished.

Vanquished Creatures (others)
  An eldritch tentacle (Abyss:1)
  A shadow dragon (Depths:3)
  A vault warden (Vaults:4)
  A deep elf demonologist (Elf:1)
  A deep elf knight (Elf:2)
  An ancient zyme (Abyss:2)
  An air elemental (Elf:2)
  A redback (Spider:4)
  A chaos spawn (Depths:3)
  4 small abominations
  An ice beast (Abyss:2)
  A boggart (Vaults:1)
  An orc priest (Vaults:4)
  An orc wizard (Orc:2)
  A demonic plant (Gauntlet)
  A fire vortex (Volcano)
  8 fungi
  5 lurking horrors
  51 plants
  87 starspawn tentacles
170 creatures vanquished.

Grand Total: 3424 creatures vanquished

Notes
Turn   | Place    | Note
-------+----------+-------------------------------------------
     0 | D:1      | Hylith the Gnoll Fighter began the quest for the Orb.
     0 | D:1      | Reached XP level 1. HP: 23/23 MP: 1/1
    82 | D:1      | Reached XP level 2. HP: 26/29 MP: 2/2
   379 | D:1      | Reached XP level 3. HP: 35/35 MP: 3/3
   598 | D:2      | Reached skill level 1 in Invocations
   655 | D:2      | Reached skill level 1 in Short Blades
   655 | D:2      | Reached skill level 1 in Long Blades
   655 | D:2      | Reached skill level 1 in Maces & Flails
   655 | D:2      | Reached skill level 1 in Polearms
   655 | D:2      | Reached skill level 1 in Staves
   655 | D:2      | Reached skill level 1 in Slings
   655 | D:2      | Reached skill level 1 in Bows
   655 | D:2      | Reached skill level 1 in Crossbows
   655 | D:2      | Reached skill level 1 in Throwing
   655 | D:2      | Reached skill level 1 in Dodging
   655 | D:2      | Reached skill level 1 in Stealth
   655 | D:2      | Reached skill level 1 in Unarmed Combat
   655 | D:2      | Reached skill level 1 in Spellcasting
   655 | D:2      | Reached skill level 1 in Evocations
   765 | D:2      | Found a bloodstained altar of Trog.
   765 | D:2      | Found a basalt altar of Yredelemnul.
   796 | D:2      | Reached XP level 4. HP: 40/41 MP: 5/5
  1312 | D:2      | Reached skill level 1 in Conjurations
  1312 | D:2      | Reached skill level 1 in Hexes
  1312 | D:2      | Reached skill level 1 in Charms
  1312 | D:2      | Reached skill level 1 in Summonings
  1312 | D:2      | Reached skill level 1 in Necromancy
  1312 | D:2      | Reached skill level 1 in Translocations
  1312 | D:2      | Reached skill level 1 in Transmutations
  1312 | D:2      | Reached skill level 1 in Fire Magic
  1312 | D:2      | Reached skill level 1 in Ice Magic
  1312 | D:2      | Reached skill level 1 in Air Magic
  1312 | D:2      | Reached skill level 1 in Earth Magic
  1312 | D:2      | Reached skill level 1 in Poison Magic
  1680 | D:2      | Reached XP level 5. HP: 47/47 MP: 6/6
  2068 | D:3      | Found a glowing drain.
  2068 | D:3      | Noticed Ijyb
  2078 | Sewer    | Entered a sewer
  2611 | D:3      | Killed Ijyb
  2709 | D:3      | Reached XP level 6. HP: 49/53 MP: 8/8
  2839 | D:3      | Got an ominously black robe
  2853 | D:3      | Identified the +0 robe "Veic" {rElec rF+++ MR- rCorr} (You
                  | found it on level 3 of the Dungeon)
  2905 | D:3      | Found a white marble altar of Elyvilon.
  3089 | D:3      | Noticed Natasha
  3100 | D:3      | Killed Natasha
  3100 | D:3      | Reached skill level 5 in Axes
  3166 | D:3      | Noticed Sigmund
  3173 | D:3      | Killed Sigmund
  3173 | D:3      | Reached XP level 7. HP: 59/59 MP: 10/10
  3440 | D:3      | Noticed Natasha
  3447 | D:3      | Killed Natasha
  3447 | D:3      | Reached skill level 7 in Shields
  3596 | D:4      | Noticed Duvessa
  3596 | D:4      | Noticed Dowan
  3605 | D:4      | Killed Duvessa
  3615 | D:4      | Killed Dowan
  3622 | D:4      | Found a sparkling altar of Nemelex Xobeh.
  3667 | D:4      | Reached XP level 8. HP: 41/67 MP: 7/12
  3982 | D:4      | Noticed Robin
  4011 | D:4      | Killed Robin
  4131 | D:4      | Noticed Menkaure
  4142 | D:4      | Killed Menkaure
  4503 | D:5      | Entered Level 5 of the Dungeon
  4590 | D:5      | Found a staircase to the Ecumenical Temple.
  4641 | Temple   | Entered the Ecumenical Temple
  4724 | D:5      | Noticed Prince Ribbit
  4831 | D:5      | Noticed Pikel
  4874 | D:5      | Killed Pikel
  4874 | D:5      | Reached XP level 9. HP: 40/72 MP: 10/14
  5333 | D:5      | Killed Prince Ribbit
  5479 | D:6      | Noticed Grinder
  5486 | D:6      | Killed Grinder
  5552 | D:6      | Found a hide-covered altar of Uskayaw.
  5637 | D:6      | Reached skill level 8 in Shields
  6871 | D:6      | Reached skill level 5 in Invocations
  7256 | D:7      | Reached XP level 10. HP: 65/80 MP: 12/17
  7776 | D:8      | Reached skill level 5 in Short Blades
  7776 | D:8      | Reached skill level 5 in Long Blades
  7776 | D:8      | Reached skill level 5 in Maces & Flails
  7776 | D:8      | Reached skill level 5 in Polearms
  7776 | D:8      | Reached skill level 5 in Staves
  7776 | D:8      | Reached skill level 5 in Slings
  7776 | D:8      | Reached skill level 5 in Bows
  7776 | D:8      | Reached skill level 5 in Crossbows
  7776 | D:8      | Reached skill level 5 in Throwing
  7776 | D:8      | Reached skill level 5 in Dodging
  7776 | D:8      | Reached skill level 5 in Stealth
  7776 | D:8      | Reached skill level 5 in Unarmed Combat
  7776 | D:8      | Reached skill level 5 in Spellcasting
  7776 | D:8      | Reached skill level 5 in Evocations
  7906 | D:8      | Reached skill level 9 in Shields
  8574 | D:8      | Found a hazy altar of Hepliaklqana.
  9355 | D:8      | Noticed a two-headed ogre
  9363 | D:8      | Killed a two-headed ogre
  9510 | D:8      | Found a shadowy altar of Dithmenos.
  9721 | D:9      | Reached XP level 11. HP: 58/87 MP: 14/19
  9789 | D:9      | Found an iron altar of Okawaru.
  9796 | D:9      | Became a worshipper of Warmaster Okawaru
 10006 | D:9      | Found a staircase to the Lair.
 10098 | D:9      | Found an ancient bone altar of Kikubaaqudgha.
 10247 | D:9      | Reached skill level 10 in Shields
 11005 | D:10     | Entered Level 10 of the Dungeon
 11021 | D:10     | Reached skill level 5 in Conjurations
 11021 | D:10     | Reached skill level 5 in Hexes
 11021 | D:10     | Reached skill level 5 in Charms
 11021 | D:10     | Reached skill level 5 in Summonings
 11021 | D:10     | Reached skill level 5 in Necromancy
 11021 | D:10     | Reached skill level 5 in Translocations
 11021 | D:10     | Reached skill level 5 in Transmutations
 11021 | D:10     | Reached skill level 5 in Fire Magic
 11021 | D:10     | Reached skill level 5 in Ice Magic
 11021 | D:10     | Reached skill level 5 in Air Magic
 11021 | D:10     | Reached skill level 5 in Earth Magic
 11021 | D:10     | Reached skill level 5 in Poison Magic
 11092 | D:10     | Noticed an eight-headed hydra
 11506 | D:10     | Found Wiopp's Magic Scroll Boutique.
 11687 | D:10     | Reached * piety under Okawaru
 13362 | Lair:1   | Entered Level 1 of the Lair of Beasts
 13381 | D:9      | Reached ** piety under Okawaru
 13408 | Lair:1   | Noticed Grum
 13422 | D:9      | Killed Grum
 13494 | Lair:1   | Reached *** piety under Okawaru
 13546 | Lair:1   | Reached XP level 12. HP: 59/96 MP: 22/22
 14008 | D:9      | Reached skill level 11 in Shields
 14076 | Lair:1   | Reached **** piety under Okawaru
 14386 | Lair:1   | Got a dull robe
 14397 | Lair:1   | Identified the +2 robe of Salvation {-Tele Dex+2 Stlth+}
                  | (You found it on level 1 of the Lair of Beasts)
 14486 | Lair:1   | Noticed Sonja
 14487 | Lair:1   | Noticed Sonja
 14487 | Lair:1   | Sonja changed into Sonja the orb spider
 14520 | Lair:1   | Noticed Sonja
 14520 | Lair:1   | Sonja the orb spider changed into Sonja the rime drake
 14531 | Lair:1   | Killed Sonja the rime drake
 14531 | Lair:1   | Received a gift from Okawaru
 14916 | Lair:1   | Found a runed translucent door.
 14917 | Lair:1   | Noticed Pafimos's ghost (journeyman MiFi)
 15142 | Lair:2   | Noticed kalagan's ghost (novice BaSu)
 15524 | Lair:2   | Received a gift from Okawaru
 16119 | Lair:2   | Found a transporter.
 16124 | Lair:2   | Found a transporter.
 16359 | Lair:2   | Killed kalagan's ghost
 16376 | Lair:2   | Got a spiked cloak
 16389 | Lair:2   | Learned a level 3 spell: Regeneration
 16399 | Lair:2   | Identified the +0 cloak of Devotion {*Drain rC+ Regen+}
                  | (You found it on level 2 of the Lair of Beasts)
 16455 | Lair:2   | Reached ***** piety under Okawaru
 16455 | Lair:2   | Reached skill level 10 in Fighting
 16455 | Lair:2   | Reached skill level 10 in Armour
 16691 | Lair:3   | Received a gift from Okawaru
 16779 | Lair:3   | Noticed a seven-headed hydra
 17228 | Lair:3   | Received a gift from Okawaru
 17261 | Lair:3   | Killed a seven-headed hydra
 17261 | Lair:3   | Reached XP level 13. HP: 103/103 MP: 24/24
 17341 | Lair:4   | Noticed Rupert
 17363 | Lair:4   | Reached skill level 12 in Shields
 17441 | Lair:4   | Found a frozen archway.
 17458 | Lair:4   | Paralysed by Rupert for 3 turns
 17476 | Lair:4   | Killed Rupert
 17508 | IceCv    | Entered an ice cave
 18038 | IceCv    | Received a gift from Okawaru
 18213 | IceCv    | Found the +6 lightning scales {run, rElec}
 18527 | Lair:4   | Found a staircase to the Shoals.
 18909 | Lair:4   | Received a gift from Okawaru
 19213 | Lair:4   | Found a hole to the Spider Nest.
 19228 | Lair:4   | Received a gift from Okawaru
 19396 | Lair:5   | Reached XP level 14. HP: 98/111 MP: 23/26
 19403 | Lair:5   | Learned a level 1 spell: Animate Skeleton
 19570 | Lair:5   | Reached skill level 13 in Shields
 19594 | Lair:5   | Reached ****** piety under Okawaru
 19609 | Lair:5   | Found a dark tunnel.
 19619 | Volcano  | Entered a volcano
 19625 | Volcano  | Received a gift from Okawaru
 19636 | Volcano  | Reached skill level 10 in Axes
 19986 | Volcano  | Received a gift from Okawaru
 20695 | Lair:5   | Received a gift from Okawaru
 20711 | Lair:4   | HP: 5/113 [death yak (13)]
 21090 | Lair:6   | Entered Level 6 of the Lair of Beasts
 21098 | Lair:6   | Received a gift from Okawaru
 21098 | Lair:6   | Reached skill level 10 in Invocations
 21153 | Lair:6   | Received a gift from Okawaru
 21483 | Lair:6   | Found a runed translucent door.
 21483 | Lair:6   | Found a viscous altar of Jiyva.
 21484 | Lair:6   | Noticed an azure jelly
 21484 | Lair:6   | Noticed an azure jelly
 21485 | Lair:6   | Found a staircase to the Slime Pits.
 22339 | Lair:6   | Reached XP level 15. HP: 100/119 MP: 28/28
 22544 | Lair:6   | Received a gift from Okawaru
 22625 | Lair:6   | Received a gift from Okawaru
 22628 | Lair:6   | Got an ebony battleaxe {god gift}
 22638 | Lair:6   | Identified the +3 battleaxe "Weixt" {chop, rPois rF+
                  | Stlth-} (Okawaru gifted it to you on level 6 of the Lair of
                  | Beasts)
 22684 | Lair:6   | Learned a level 2 spell: Blink
 22688 | Lair:6   | Learned a level 3 spell: Teleport Other
 22693 | Lair:6   | Learned a level 4 spell: Summon Lightning Spire
 22922 | D:11     | Reached skill level 14 in Shields
 23010 | D:11     | Received a gift from Okawaru
 23988 | D:12     | Found a stormy altar of Qazlal.
 24234 | D:12     | Found a staircase to the Orcish Mines.
 24597 | Orc:1    | Entered Level 1 of the Orcish Mines
 24608 | Orc:1    | Received a gift from Okawaru
 24818 | Orc:1    | Found Suotusyi's Food Shop.
 25048 | D:13     | Reached skill level 10 in Short Blades
 25048 | D:13     | Reached skill level 10 in Long Blades
 25048 | D:13     | Reached skill level 10 in Maces & Flails
 25048 | D:13     | Reached skill level 10 in Polearms
 25048 | D:13     | Reached skill level 10 in Staves
 25048 | D:13     | Reached skill level 10 in Slings
 25048 | D:13     | Reached skill level 10 in Bows
 25048 | D:13     | Reached skill level 10 in Crossbows
 25048 | D:13     | Reached skill level 10 in Throwing
 25048 | D:13     | Reached skill level 10 in Dodging
 25048 | D:13     | Reached skill level 10 in Stealth
 25048 | D:13     | Reached skill level 10 in Unarmed Combat
 25048 | D:13     | Reached skill level 10 in Spellcasting
 25048 | D:13     | Reached skill level 10 in Evocations
 25081 | D:13     | Noticed Urug
 25116 | D:13     | Killed Urug
 25139 | D:13     | Found a gate to the Vaults.
 25207 | D:13     | Noticed Erolcha
 25219 | D:13     | Found a gate leading to a gauntlet.
 25262 | Gauntlet | Entered a Gauntlet
 25262 | Gauntlet | Found a transporter.
 25325 | Gauntlet | Found a transporter.
 25345 | Gauntlet | Found a transporter.
 25345 | Gauntlet | Found a transporter.
 25355 | Gauntlet | Found a transporter.
 25375 | Gauntlet | Found a transporter.
 25380 | Gauntlet | Found a transporter.
 25384 | Gauntlet | Found a transporter.
 25406 | Gauntlet | Found a transporter.
 25423 | Gauntlet | Found a transporter.
 25427 | Gauntlet | Found a transporter.
 25435 | Gauntlet | Found a transporter.
 25580 | Gauntlet | Got a pair of distressingly furry boots
 25591 | Gauntlet | Identified the cursed +0 pair of boots of the Fiddle {rC+
                  | MR+ rCorr} (You found it in a Gauntlet)
 25634 | Gauntlet | Identified the Volume of Twisted Contamination
 25694 | Gauntlet | Got a polished helmet
 25705 | Gauntlet | Identified the +1 helmet "Ufem" {rPois} (You found it in a
                  | Gauntlet)
 25775 | D:13     | Killed Erolcha
 25776 | D:13     | Received a gift from Okawaru
 25849 | D:13     | Reached XP level 16. HP: 127/127 MP: 30/30
 25863 | D:13     | Learned a level 4 spell: Olgreb's Toxic Radiance
 26523 | D:14     | Learned a level 5 spell: Silence
 26583 | D:14     | Noticed Agnes
 26587 | D:14     | Received a gift from Okawaru
 26601 | D:14     | Killed Agnes
 27355 | Orc:2    | Entered Level 2 of the Orcish Mines
 27382 | Orc:2    | Reached skill level 15 in Shields
 27725 | Orc:2    | Found a staircase to the Elven Halls.
 28224 | Orc:2    | Received a gift from Okawaru
 28251 | Orc:2    | Found Qutusafi's Book Emporium.
 28251 | Orc:2    | Found Buobismi's Weapon Shop.
 28373 | Orc:2    | Found Nuess's Jewellery Emporium.
 28373 | Orc:2    | Found Waowk's Food Shop.
 28379 | Orc:2    | Bought a book of Minor Magic for 360 gold pieces
 28379 | Orc:2    | Bought the Volume of the Mountains and the Traveller for
                  | 1096 gold pieces
 28383 | Orc:2    | Learned a level 3 spell: Mephitic Cloud
 28389 | Orc:2    | Learned a level 5 spell: Lee's Rapid Deconstruction
 28395 | Orc:2    | Learned a level 5 spell: Borgnjor's Vile Clutch
 28443 | Orc:2    | Got a smoking war axe {god gift}
 28444 | Orc:2    | Identified the +11 war axe "Nagaumm" {freeze, MR+ Int+4
                  | Dex+7 Stlth+} (Okawaru gifted it to you on level 2 of the
                  | Orcish Mines)
 28580 | D:15     | Entered Level 15 of the Dungeon
 28758 | D:15     | Received a gift from Okawaru
 28781 | D:15     | Got a brightly glowing helmet {god gift}
 28792 | D:15     | Identified the +2 helmet of the Monkey's Uncle {rElec rPois
                  | Dex+2} (Okawaru gifted it to you on level 15 of the
                  | Dungeon)
 29322 | D:15     | Found a staircase to the Depths.
 29723 | Spider:1 | Entered Level 1 of the Spider Nest
 30104 | Spider:1 | Reached XP level 17. HP: 135/135 MP: 32/32
 30954 | Spider:2 | Received a gift from Okawaru
 31173 | Spider:2 | Found a transporter.
 31363 | Spider:2 | Received a gift from Okawaru
 31364 | Spider:2 | Got a pair of spiked boots {god gift}
 31365 | Spider:2 | Identified the +2 pair of boots "Gemules" {-Cast rC+ Int+6}
                  | (Okawaru gifted it to you on level 2 of the Spider Nest)
 31613 | Spider:2 | Found a transporter.
 31649 | Spider:2 | Identified the cursed +0 pair of boots of the Tundras
                  | {Regen+ Int-3 Slay+4 SInv} (You found it on level 2 of the
                  | Spider Nest)
 31694 | Spider:3 | Reached skill level 16 in Shields
 32116 | Spider:4 | Entered Level 4 of the Spider Nest
 32398 | Spider:3 | Received a gift from Okawaru
 32683 | Spider:4 | Received a gift from Okawaru
 32715 | Spider:4 | Got a shimmering scimitar {god gift}
 32716 | Spider:4 | Identified the +4 scimitar of Kismet {freeze, rElec rF-
                  | Str+2} (Okawaru gifted it to you on level 4 of the Spider
                  | Nest)
 32801 | Spider:4 | Reached skill level 10 in Conjurations
 32801 | Spider:4 | Reached skill level 10 in Hexes
 32801 | Spider:4 | Reached skill level 10 in Charms
 32801 | Spider:4 | Reached skill level 10 in Summonings
 32801 | Spider:4 | Reached skill level 10 in Necromancy
 32801 | Spider:4 | Reached skill level 10 in Translocations
 32801 | Spider:4 | Reached skill level 10 in Transmutations
 32801 | Spider:4 | Reached skill level 10 in Fire Magic
 32801 | Spider:4 | Reached skill level 10 in Ice Magic
 32801 | Spider:4 | Reached skill level 10 in Air Magic
 32801 | Spider:4 | Reached skill level 10 in Earth Magic
 32801 | Spider:4 | Reached skill level 10 in Poison Magic
 32880 | Spider:4 | Reached XP level 18. HP: 136/143 MP: 33/33
 33091 | Spider:4 | Received a gift from Okawaru
 33243 | Spider:4 | Received a gift from Okawaru
 33272 | Spider:4 | Got a gossamer rune of Zot
 33493 | Shoals:1 | Entered Level 1 of the Shoals
 33508 | Shoals:1 | Received a gift from Okawaru
 33546 | Shoals:1 | Got a pitted scale mail
 33603 | Shoals:1 | Identified the +6 scale mail of Tuwugu {-Tele Regen+ Str+6}
                  | (You found it on level 1 of the Shoals)
 33657 | Shoals:1 | Found Pekkadgho's Island Escapes.
 34489 | Shoals:2 | Noticed Ilsuiw
 34511 | Shoals:2 | Received a gift from Okawaru
 34545 | Shoals:2 | Killed Ilsuiw
 34880 | Shoals:2 | Noticed Nikola
 34901 | Shoals:2 | Killed Nikola
 35413 | Shoals:3 | Noticed Bai Suzhen
 35577 | Shoals:3 | Found Meofrips's General Store.
 35594 | Shoals:3 | Received a gift from Okawaru
 35728 | Shoals:3 | Killed Bai Suzhen
 35728 | Shoals:3 | Reached skill level 17 in Shields
 35952 | Shoals:4 | Entered Level 4 of the Shoals
 36123 | Shoals:4 | Got a bloodstained flail
 36127 | Shoals:4 | Identified the +6 flail "Yvviner" {speed, +Fly MR+ Int+2}
                  | (You found it on level 4 of the Shoals)
 36540 | Shoals:4 | Got a crude bardiche
 36541 | Shoals:4 | Identified the +5 bardiche "Tormentor" {chop, -Tele rElec
                  | MR+++ Str+3} (You found it on level 4 of the Shoals)
 36650 | Shoals:4 | Reached XP level 19. HP: 141/151 MP: 35/35
 37550 | Shoals:4 | Received a gift from Okawaru
 37586 | Shoals:4 | Got a barnacled rune of Zot
 37917 | Vaults:1 | Entered Level 1 of the Vaults
 38085 | Lair:1   | Killed Pafimos's ghost
 38797 | Vaults:1 | Got a heavily runed wooden ring
 38799 | Vaults:1 | Identified the ring of Anobipt {Fire -Tele +Fly rElec
                  | Int-4} (You found it on level 1 of the Vaults)
 39626 | Vaults:2 | Received a gift from Okawaru
 39804 | Vaults:2 | Received a gift from Okawaru
 40249 | Vaults:2 | Received a gift from Okawaru
 40351 | Vaults:2 | Received a gift from Okawaru
 40369 | Vaults:2 | Reached XP level 20. HP: 138/159 MP: 36/36
 40547 | Vaults:2 | Reached skill level 18 in Shields
 41283 | Vaults:3 | Found a staircase to the Crypt.
 41382 | Vaults:3 | Noticed Mara
 41387 | Vaults:3 | Noticed Hylith's illusion
 41400 | Vaults:3 | Killed Mara
 41467 | Vaults:3 | Received a gift from Okawaru
 41482 | Vaults:3 | Received a gift from Okawaru
 42120 | Vaults:3 | Received a gift from Okawaru
 42746 | Vaults:4 | Reached XP level 21. HP: 143/166 MP: 38/38
 42786 | Vaults:4 | Found a gateway to a bazaar.
 42841 | Bazaar   | Entered a bazaar
 42845 | Bazaar   | Found Nebliyts's Magic Scroll Boutique.
 42863 | Bazaar   | Found Rydwal's Weapon Emporium.
 42886 | Bazaar   | Found Ysy Louc's Book Boutique.
 42903 | Bazaar   | Found Geupt's Distillery.
 42910 | Bazaar   | Bought 2 potions of mutation for 160 gold pieces
 42910 | Bazaar   | Bought a potion of mutation for 80 gold pieces
 42969 | Bazaar   | Bought a scroll of enchant armour for 75 gold pieces
 42969 | Bazaar   | Bought a scroll of teleportation for 30 gold pieces
 43006 | Bazaar   | Learned a level 6 spell: Iron Shot
 43013 | Bazaar   | Learned a level 6 spell: Deflect Missiles
 43291 | Vaults:4 | Received a gift from Okawaru
 43292 | Vaults:4 | Found the +8 demon trident "Rift" {distort, reach+}
 44020 | Elf:1    | Entered Level 1 of the Elven Halls
 44261 | Elf:1    | Reached skill level 19 in Shields
 44345 | Elf:1    | Found Dougoeth's General Store.
 44364 | Elf:1    | Bought a scroll of enchant weapon for 120 gold pieces
 44640 | Elf:1    | Found Xufet's Armour Emporium.
 44686 | Elf:1    | Found Lach's Assorted Antiques.
 44695 | Elf:1    | Bought a scroll of magic mapping for 112 gold pieces
 44695 | Elf:1    | Bought a scroll of magic mapping for 112 gold pieces
 44939 | Elf:1    | Reached skill level 15 in Fighting
 44939 | Elf:1    | Reached skill level 15 in Armour
 45217 | Elf:1    | Found a portal to a secret trove of treasure.
 45330 | Elf:2    | Received a gift from Okawaru
 45335 | Elf:2    | Received a gift from Okawaru
 45363 | Elf:2    | Received a gift from Okawaru
 45398 | Elf:2    | Reached skill level 15 in Invocations
 45524 | Elf:2    | Found Caseil's Antique Weapon Emporium.
 45550 | Elf:2    | Bought a pitted morningstar for 333 gold pieces
 45552 | Elf:2    | Identified the +9 morningstar "Hydrabane" {freeze, rPois
                  | rF+ Int+4} (You bought it in a shop on level 2 of the Elven
                  | Halls)
 45642 | Elf:2    | Found a huge runed translucent gate.
 45642 | Elf:2    | Found a huge runed translucent gate.
 45642 | Elf:2    | Found a huge runed translucent gate.
 45647 | Elf:2    | Found a huge runed translucent gate.
 45647 | Elf:2    | Found a huge runed translucent gate.
 45745 | Elf:2    | Received a gift from Okawaru
 46345 | Elf:3    | Entered Level 3 of the Elven Halls
 46407 | Elf:3    | Received a gift from Okawaru
 46695 | Elf:3    | Reached XP level 22. HP: 168/175 MP: 40/40
 47062 | Elf:3    | Received a gift from Okawaru
 47431 | Elf:3    | Received a gift from Okawaru
 47560 | Elf:3    | Received a gift from Okawaru
 47600 | Elf:3    | Received a gift from Okawaru
 47787 | Elf:3    | Identified the +3 scale mail of Zionuh {Str+2}
 47820 | Elf:3    | Reached skill level 15 in Axes
 47872 | Elf:3    | Identified the cursed +0 cloak "Ylis" {rPois rC- MP+9
                  | Dex+7} (You found it on level 3 of the Elven Halls)
 47874 | Elf:3    | Identified the +8 morningstar of Spores {flame, rPois
                  | Int+2} (You found it on level 3 of the Elven Halls)
 47941 | Elf:3    | Identified the +9 spear "Opehudio" {elec, rN+ Str+4 SInv
                  | Stlth-}
 48020 | Elf:3    | Got a smoking chain mail
 48031 | Elf:3    | Identified the +5 chain mail "Zuishrigg" {Stlth+} (You
                  | found it on level 3 of the Elven Halls)
 48375 | Depths:1 | Entered Level 1 of the Depths
 48375 | Depths:1 | Noticed Aizul
 48386 | Depths:1 | Killed Aizul
 48553 | Depths:1 | Found Coamaar's Weapon Emporium.
 48584 | Depths:1 | Received a gift from Okawaru
 48612 | Depths:1 | Identified a scroll of acquirement
 48613 | Depths:1 | Got a pair of shimmering boots
 48624 | Depths:1 | Identified the -5 pair of boots of the Lotus Blossom
                  | {rPois} (You acquired it on level 1 of the Depths)
 48654 | Depths:1 | Found a shimmering altar of Xom.
 48902 | Depths:1 | Received a gift from Okawaru
 48966 | Depths:1 | Found a gateway to Hell.
 48978 | Depths:1 | Reached skill level 20 in Shields
 49784 | Vaults:5 | Entered Level 5 of the Vaults
 49822 | Vaults:5 | Received a gift from Okawaru
 49823 | Vaults:5 | Reached XP level 23. HP: 160/183 MP: 19/41
 49830 | Vaults:5 | Noticed a golden dragon
 50157 | Vaults:5 | Noticed a golden dragon
 50174 | Vaults:5 | Found the +9 scales of the Dragon King {rPois rF+ rC+ MR+}
 50285 | Vaults:5 | Noticed an ancient lich
 50296 | Vaults:5 | Killed an ancient lich
 50304 | Vaults:5 | Received a gift from Okawaru
 50352 | Vaults:5 | Reached skill level 15 in Short Blades
 50352 | Vaults:5 | Reached skill level 15 in Long Blades
 50352 | Vaults:5 | Reached skill level 15 in Maces & Flails
 50352 | Vaults:5 | Reached skill level 15 in Polearms
 50352 | Vaults:5 | Reached skill level 15 in Staves
 50352 | Vaults:5 | Reached skill level 15 in Slings
 50352 | Vaults:5 | Reached skill level 15 in Bows
 50352 | Vaults:5 | Reached skill level 15 in Crossbows
 50352 | Vaults:5 | Reached skill level 15 in Throwing
 50352 | Vaults:5 | Reached skill level 15 in Dodging
 50352 | Vaults:5 | Reached skill level 15 in Stealth
 50352 | Vaults:5 | Reached skill level 15 in Unarmed Combat
 50352 | Vaults:5 | Reached skill level 15 in Spellcasting
 50352 | Vaults:5 | Reached skill level 15 in Evocations
 50355 | Vaults:5 | Identified the +7 quarterstaff of Valour {speed, rElec
                  | Str+2 Int+2 Dex-3}
 50415 | Vaults:5 | Identified the ring "Xoaticimu" {+Blink rPois rC+ rN++
                  | Int-4}
 50460 | Vaults:5 | Received a gift from Okawaru
 50513 | Vaults:5 | Killed a golden dragon
 50513 | Vaults:5 | Received a gift from Okawaru
 50552 | Vaults:5 | Identified the +11 fustibalus "Lotazxun" {flame, rElec}
 50585 | Vaults:5 | Noticed a golden dragon
 50587 | Vaults:5 | Received a gift from Okawaru
 50625 | Vaults:5 | Killed a golden dragon
 50648 | Vaults:5 | Identified the +7 morningstar "Poryzausuo" {venom, Fragile
                  | +Inv rF+}
 50877 | Vaults:5 | Identified the Grimoire of Creative Dislocation
 50912 | Vaults:5 | Received a gift from Okawaru
 50912 | Vaults:5 | Reached XP level 24. HP: 177/191 MP: 42/42
 51108 | Vaults:5 | Received a gift from Okawaru
 51307 | Vaults:5 | Reached skill level 21 in Shields
 51484 | Vaults:5 | Got a silver rune of Zot
 51703 | Vaults:5 | Identified the Grimoire of the Invisible Places
 51760 | Vaults:5 | Identified the ring "Jyogam" {rCorr rPois rF- Str+9 Stlth+}
 51775 | Vaults:5 | Received a gift from Okawaru
 52231 | Crypt:1  | Entered Level 1 of the Crypt
 52428 | Crypt:1  | Received a gift from Okawaru
 52515 | Crypt:1  | Noticed Saint Roka
 52516 | Crypt:1  | Found the +8 longbow "Zephyr" {speed, Dex+3 SInv}
 52546 | Crypt:1  | Killed Saint Roka
 52887 | Crypt:2  | Identified the cursed +0 cloak of Honour {+Inv Int+3} (You
                  | found it on level 2 of the Crypt)
 52903 | Crypt:2  | Noticed Frederick
 52911 | Crypt:2  | Received a gift from Okawaru
 53120 | Crypt:2  | Received a gift from Okawaru
 53285 | Crypt:2  | Noticed Sojobo
 53313 | Crypt:2  | Killed Frederick
 53315 | Crypt:2  | Killed Sojobo
 53998 | Crypt:3  | Entered Level 3 of the Crypt
 54151 | Crypt:3  | Reached XP level 25. HP: 200/200 MP: 42/42
 54666 | Crypt:3  | Identified Peinay's Compendium of Unholy Rituals
 54806 | Crypt:3  | Received a gift from Okawaru
 55148 | Crypt:3  | Identified the amulet "Mejemu Xijyi" {rC+ Regen+} (You
                  | found it on level 3 of the Crypt)
 55149 | Crypt:3  | Identified the ring "Ecuilum" {rF+ rN+ Int+3} (You found it
                  | on level 3 of the Crypt)
 55301 | Crypt:3  | Found a staircase to the Tomb.
 55995 | Crypt:3  | Noticed an ancient lich
 56002 | Crypt:3  | Killed an ancient lich
 56010 | Crypt:3  | Identified Moexejek's Disquisition on Enchanting Clay
 56032 | Crypt:3  | Identified the +3 lajatang of True Grit {venom, *Corrode
                  | rElec Str+2 Dex+5} (You found it on level 3 of the Crypt)
 56077 | Crypt:3  | Received a gift from Okawaru
 56539 | Depths:2 | Gained mutation: You occasionally shout uncontrollably at
                  | your foes. [a shining eye]
 56689 | Depths:2 | Reached skill level 22 in Shields
 56707 | Depths:2 | Received a gift from Okawaru
 56796 | Depths:2 | Received a gift from Okawaru
 56956 | Depths:2 | Received a gift from Okawaru
 57377 | Depths:1 | Reached XP level 26. HP: 196/205 MP: 43/43
 57786 | Depths:2 | Identified the cursed +0 chain mail "Axow" {+Inv rC+} (You
                  | found it on level 2 of the Depths)
 58814 | Depths:3 | Received a gift from Okawaru
 59026 | Depths:3 | Found a one-way gate leading to the halls of Pandemonium.
 59029 | Depths:3 | Received a gift from Okawaru
 59036 | Depths:3 | Gained mutation: Your body sometimes deteriorates upon
                  | taking damage. [a cacodemon]
 59043 | Depths:3 | Identified the +8 morningstar of Discord {freeze, rPois rF+
                  | Str+4} (Okawaru gifted it to you on level 3 of the Depths)
 59531 | Depths:4 | Found a white marble altar of Elyvilon.
 59533 | Depths:4 | Found a one-way gate to the infinite horrors of the Abyss.
 59565 | Depths:4 | Received a gift from Okawaru
 59569 | Depths:4 | Received a gift from Okawaru
 59695 | Depths:4 | Received a gift from Okawaru
 59711 | Depths:4 | Found a snail-covered altar of Cheibriados.
 59820 | Depths:4 | Received a gift from Okawaru
 60027 | Depths:4 | Found an iron altar of Okawaru.
 60055 | Depths:4 | Reached XP level 27. HP: 210/214 MP: 43/43
 60141 | Depths:4 | Found a hide-covered altar of Uskayaw.
 60169 | Depths:4 | Reached skill level 23 in Shields
 60244 | Depths:4 | Received a gift from Okawaru
 60886 | Depths:5 | Entered Level 5 of the Depths
 60899 | Depths:5 | Identified the +7 faerie dragon scales {rCorr Dex+4}
 60899 | Depths:5 | Noticed the Enchantress
 60948 | Depths:5 | Killed the Enchantress
 61115 | Depths:5 | Received a gift from Okawaru
 61216 | Depths:5 | Found a gateway to a ziggurat.
 61520 | Depths:5 | Reached skill level 15 in Conjurations
 61520 | Depths:5 | Reached skill level 15 in Hexes
 61520 | Depths:5 | Reached skill level 15 in Charms
 61520 | Depths:5 | Reached skill level 15 in Summonings
 61520 | Depths:5 | Reached skill level 15 in Necromancy
 61520 | Depths:5 | Reached skill level 15 in Translocations
 61520 | Depths:5 | Reached skill level 15 in Transmutations
 61520 | Depths:5 | Reached skill level 15 in Fire Magic
 61520 | Depths:5 | Reached skill level 15 in Ice Magic
 61520 | Depths:5 | Reached skill level 15 in Air Magic
 61520 | Depths:5 | Reached skill level 15 in Earth Magic
 61520 | Depths:5 | Reached skill level 15 in Poison Magic
 61992 | Depths:5 | Received a gift from Okawaru
 62042 | Depths:5 | Found a gate to the Realm of Zot.
 62088 | Depths:5 | Received a gift from Okawaru
 62089 | Depths:5 | Found the +3 robe of Folly {Archmagi, MR-- Int+5}
 62146 | Depths:5 | Identified the ring "Xarutole" {+Fly Int+3 SInv}
 62375 | Hell     | Entered the Vestibule of Hell
 62375 | Hell     | Noticed Geryon
 63765 | Hell     | Killed Geryon
 63856 | Hell     | Found a gateway to the freezing wastes of Cocytus.
 63873 | Hell     | Found a gateway to the Iron City of Dis.
 63936 | Hell     | Found a gateway to the ashen valley of Gehenna.
 63991 | Hell     | Found a gateway to the decaying netherworld of Tartarus.
 64694 | Elf:1    | You paid a toll of 15 scrolls of teleportation to enter a
                  | treasure trove
 64695 | Trove    | Entered a treasure trove
 64729 | Trove    | Got a twitching turquoise ring
 64731 | Trove    | Got a heavily runed amber ring
 64733 | Trove    | Got a clouded platinum ring
 64773 | Trove    | Identified the ring "Winyzeokk" {rPois rN+} (You found it
                  | in a treasure trove)
 64775 | Trove    | Identified the ring of Zybo {*Slow rN++ MR+ Str+7} (You
                  | found it in a treasure trove)
 64777 | Trove    | Identified the ring of the Manifold Runes {rC+ MR+ Int-3
                  | Stlth-} (You found it in a treasure trove)
 64781 | Trove    | Identified the cursed +0 spear of Conflict {speed, rF+}
                  | (You found it in a treasure trove)
 65166 | Depths:4 | Voluntarily entered the Abyss.
 65428 | Abyss:1  | Found a corrupted altar of Lugonu.
 65470 | Abyss:1  | Noticed an ancient lich
 65481 | Abyss:1  | Killed an ancient lich
 65481 | Abyss:1  | Received a gift from Okawaru
 65784 | Abyss:1  | Reached skill level 24 in Shields
 66177 | Abyss:1  | Found a corrupted altar of Lugonu.
 66315 | Abyss:1  | Gained mutation: You are occasionally teleported next to
                  | monsters. [a neqoxec]
 66361 | Abyss:1  | Gained mutation: Your body often deteriorates upon taking
                  | damage. [a neqoxec]
 66782 | Abyss:1  | Gained mutation: You sometimes yell uncontrollably at your
                  | foes. [a neqoxec]
 66791 | Abyss:1  | Gained mutation: Potions are less effective at restoring
                  | your health. [a neqoxec]
 67095 | Abyss:2  | Found a basalt altar of Yredelemnul.
 67322 | Abyss:2  | Received a gift from Okawaru
 67387 | Abyss:2  | Received a gift from Okawaru
 67832 | Abyss:2  | Found a corrupted altar of Lugonu.
 67936 | Abyss:2  | Paralysed by accursed screaming for 1 turns
 67958 | Abyss:2  | Found a corrupted altar of Lugonu.
 68204 | Abyss:3  | Found a burning altar of Makhleb.
 68265 | Abyss:3  | Found a burning altar of Makhleb.
 68353 | Abyss:3  | Identified the Disquisition on Cold and Boosts
 68576 | Abyss:4  | Found a corrupted altar of Lugonu.
 68721 | Abyss:4  | Gained mutation: Scrolls take you a little longer to read.
                  | [a cacodemon]
 68848 | Abyss:4  | Received a gift from Okawaru
 68867 | Abyss:4  | Got a warped helmet {god gift}
 68901 | Abyss:4  | Identified the +2 helmet of the Dropbear {-Tele Str+8}
                  | (Okawaru gifted it to you on level 4 of the Abyss)
 69121 | Abyss:5  | Entered Level 5 of the Abyss
 69121 | Abyss:5  | Entered Level 5 of the Abyss
 69250 | Abyss:5  | Paralysed by accursed screaming for 1 turns
 69276 | Depths:4 | Escaped the Abyss
 69280 | Depths:4 | Voluntarily entered the Abyss.
 69280 | Abyss:1  | Found a corrupted altar of Lugonu.
 69359 | Abyss:1  | Paralysed by accursed screaming for 1 turns
 69578 | Abyss:1  | Noticed an ancient lich
 69597 | Abyss:1  | Killed an ancient lich
 69597 | Abyss:1  | Received a gift from Okawaru
 69819 | Abyss:1  | Noticed an ancient lich
 69842 | Abyss:1  | Killed an ancient lich
 70238 | Abyss:2  | Found a corrupted altar of Lugonu.
 70387 | Abyss:2  | Found a stormy altar of Qazlal.
 70394 | Abyss:2  | Found a stormy altar of Qazlal.
 70513 | Abyss:2  | Received a gift from Okawaru
 70734 | Abyss:2  | Learned a level 1 spell: Apportation
 70982 | Abyss:2  | Found a corrupted altar of Lugonu.
 71149 | Abyss:2  | Received a gift from Okawaru
 71206 | Abyss:2  | Received a gift from Okawaru
 71213 | Abyss:2  | Got a distressingly furry helmet {god gift}
 71265 | Abyss:2  | Identified the -5 helmet "Naurhuonk" {*Contam Regen+ Dex+2}
                  | (Okawaru gifted it to you on level 2 of the Abyss)
 71314 | Abyss:2  | Gained mutation: [You are dopey. (Int -2)] [mutagenic glow]
 71365 | Abyss:2  | Reached skill level 25 in Shields
 71497 | Abyss:2  | HP: 4/210 [quicksilver dragon/bolt of dispelling energy
                  | (19)]
 71499 | Abyss:2  | HP: 1/223 [quicksilver dragon (3)]
 71508 | Abyss:2  | HP: 8/223 [raiju/living lightning (6)]
 71513 | Abyss:2  | HP: 5/223 [starcursed mass/accursed screaming (7)]
 71514 | Abyss:2  | HP: 2/223 [starcursed mass/accursed screaming (5)]
 71534 | Abyss:2  | HP: 8/223 [wretched star/orb of energy (19)]
 71544 | Abyss:2  | Killed from afar by a starcursed mass

Skill      XL: |  1  2  3  4  5  6  7  8  9 10 11 12 13 14 15 16 17 18 19 20 21 22 23 24 25 26 27 |
---------------+----------------------------------------------------------------------------------+-----
Invocations    | 1 2 3 4 5 6 7 8 9 10 11 12 13 14 15 16 17 18 20 | 20.3
Short Blades   | 1 2 3 4 5 6 7 8 9 10 11 12 13 14 15 16 18 | 18.9
Long Blades    | 1 2 3 4 5 6 7 8 9 10 11 12 13 14 15 16 18 | 18.9
Maces & Flails | 1 2 3 4 5 6 7 8 9 10 11 12 13 14 15 16 18 | 18.9
Polearms       | 1 2 3 4 5 6 7 8 9 10 11 12 13 14 15 16 18 | 18.9
Staves         | 1 2 3 4 5 6 7 8 9 10 11 12 13 14 15 16 18 | 18.9
Slings         | 1 2 3 4 5 6 7 8 9 10 11 12 13 14 15 16 18 | 18.9
Bows           | 1 2 3 4 5 6 7 8 9 10 11 12 13 14 15 16 18 | 18.9
Crossbows      | 1 2 3 4 5 6 7 8 9 10 11 12 13 14 15 16 18 | 18.9
Throwing       | 1 2 3 4 5 6 7 8 9 10 11 12 13 14 15 16 18 | 18.9
Dodging        | 1 2 3 4 5 6 7 8 9 10 11 12 13 14 15 16 18 | 18.9
Stealth        | 1 2 3 4 5 6 7 8 9 10 11 12 13 14 15 16 18 | 18.9
Unarmed Combat | 1 2 3 4 5 6 7 8 9 10 11 12 13 14 15 16 18 | 18.9
Spellcasting   | 1 2 3 4 5 6 7 8 9 10 11 12 13 14 15 16 18 | 18.9
Evocations     | 1 2 3 4 5 6 7 8 9 10 11 12 13 14 15 16 18 | 18.9
Conjurations   | 1 2 3 4 5 6 7 8 9 10 11 12 13 14 16 | 16.3
Hexes          | 1 2 3 4 5 6 7 8 9 10 11 12 13 14 16 | 16.3
Charms         | 1 2 3 4 5 6 7 8 9 10 11 12 13 14 16 | 16.3
Summonings     | 1 2 3 4 5 6 7 8 9 10 11 12 13 14 16 | 16.3
Necromancy     | 1 2 3 4 5 6 7 8 9 10 11 12 13 14 16 | 16.3
Translocations | 1 2 3 4 5 6 7 8 9 10 11 12 13 14 16 | 16.3
Transmutations | 1 2 3 4 5 6 7 8 9 10 11 12 13 14 16 | 16.3
Fire Magic     | 1 2 3 4 5 6 7 8 9 10 11 12 13 14 16 | 16.3
Ice Magic      | 1 2 3 4 5 6 7 8 9 10 11 12 13 14 16 | 16.3
Air Magic      | 1 2 3 4 5 6 7 8 9 10 11 12 13 14 16 | 16.3
Earth Magic    | 1 2 3 4 5 6 7 8 9 10 11 12 13 14 16 | 16.3
Poison Magic   | 1 2 3 4 5 6 7 8 9 10 11 12 13 14 16 | 16.3
Axes           | 5 6 7 8 9 10 11 12 13 14 15 16 17 19 | 19.3
Fighting       | 7 8 9 10 11 12 13 14 15 16 17 19 | 19.7
Armour         | 7 8 9 10 11 12 13 14 15 16 17 19 | 19.7
Shields        | 7 8 9 10 11 12 13 14 15 16 17 18 19 20 21 22 25 | 25.0

Action                   |  1- 3 |  4- 6 |  7- 9 | 10-12 | 13-15 | 16-18 | 19-21 | 22-24 | 25-27 || total
-------------------------+-------+-------+-------+-------+-------+-------+-------+-------+-------++-------
Melee: War axe           |   107 |   257 |   373 |   126 |       |  1181 |  1363 |  1382 |  1788 ||  6577
       Bite              |    12 |    27 |    54 |   149 |   229 |   349 |   310 |   359 |   855 ||  2344
       Long sword        |       |       |       |   830 |   190 |       |       |       |       ||  1020
       Broad axe         |       |       |       |       |   885 |   310 |       |       |       ||  1195
       Scimitar          |       |       |       |       |    34 |    12 |       |       |       ||    46
       Flail             |       |       |       |       |       |   120 |       |       |       ||   120
       Punch             |       |       |       |       |       |       |    14 |       |       ||    14
       Eveningstar       |       |       |       |       |       |       |       |       |  2359 ||  2359
Throw: Stone             |       |       |    19 |     4 |     1 |       |       |       |       ||    24
       Throwing net      |       |       |     2 |       |       |     1 |       |       |       ||     3
       Javelin           |       |       |       |     2 |    18 |    93 |    11 |       |     4 ||   128
 Cast: Regeneration      |       |       |       |       |     8 |    10 |    11 |    22 |    53 ||   104
       Animate Skeleton  |       |       |       |       |    18 |     9 |    62 |    17 |    24 ||   130
       Mephitic Cloud    |       |       |       |       |       |    18 |    33 |    37 |    32 ||   120
       Olgreb's Toxic Ra |       |       |       |       |       |     8 |     5 |     5 |       ||    18
       Lee's Rapid Decon |       |       |       |       |       |     9 |    12 |    24 |    42 ||    87
       Borgnjor's Vile C |       |       |       |       |       |    14 |    27 |    32 |    50 ||   123
       Summon Lightning  |       |       |       |       |       |     1 |     3 |     4 |    10 ||    18
       Silence           |       |       |       |       |       |     1 |       |     1 |     2 ||     4
       Blink             |       |       |       |       |       |       |       |     3 |     8 ||    11
       Iron Shot         |       |       |       |       |       |       |       |     1 |       ||     1
Invok: Heroism           |       |       |       |     1 |    13 |     3 |       |     1 |     1 ||    19
Evoke: Wand              |       |       |     3 |    15 |    12 |       |     1 |     1 |       ||    32
       Phial of floods   |       |       |       |       |       |     1 |       |       |     1 ||     2
       Box of beasts     |       |       |       |       |       |       |       |       |     2 ||     2
       Lamp of fire      |       |       |       |       |       |       |       |       |     1 ||     1
  Use: Potion            |       |     2 |       |     1 |     7 |     5 |       |     1 |     3 ||    19
       Scroll            |       |     7 |     7 |    11 |    12 |    13 |     8 |    19 |    23 ||   100
 Stab: Distracted        |       |       |       |       |     4 |     7 |    24 |     7 |    11 ||    53
       Sleeping          |       |       |       |       |     1 |    36 |    36 |     5 |       ||    78
       Confused          |       |       |       |       |       |     8 |    36 |    39 |    42 ||   125
       Held in net/web   |       |       |       |       |       |     1 |       |       |       ||     1
  Eat: Chunk             |       |     8 |     8 |    28 |    21 |    33 |    33 |    23 |    26 ||   180
       Ration            |       |       |     3 |     2 |     4 |     3 |     3 |     5 |    16 ||    36
Armor: Scale mail        |    47 |    83 |       |       |       |       |       |       |       ||   130
       Chain mail        |       |    42 |   155 |   436 |   376 |       |       |       |       ||  1009
       Pearl dragon scal |       |       |       |       |    28 |   584 |   226 |   133 |       ||   971
       Gold dragon scale |       |       |       |       |       |       |       |   389 |  1548 ||  1937
Dodge: Dodged            |    46 |    87 |    88 |   419 |   547 |  1190 |   671 |   673 |  1958 ||  5679
Block: Shield            |    72 |   176 |   188 |   730 |   827 |  1511 |   800 |  1075 |  3461 ||  8840
       Rpst.: Long sword |       |       |       |    96 |    17 |       |       |       |       ||   113
       Scimitar          |       |       |       |       |     1 |     2 |       |       |       ||     3
